 Dungeon Crawl Stone Soup version 0.27-a0-1081-ge8a0a9c698 (webtiles) character file.

Game seed: 6034961278638470632

36 shoop the Chopper (level 3, -1/31 HPs)
             Began as a Hill Orc Fighter on Apr 25, 2021.
             Slain by an ogre
             ... wielding a +0 giant club
              (19 damage)
             ... on level 4 of the Dungeon.
             The game lasted 00:01:13 (814 turns).

shoop the Chopper (Hill Orc Fighter)                 Turns: 814, Time: 00:01:14

Health: -1/31      AC:  6    Str: 19    XL:     3   Next: 37%
Magic:  3/3        EV:  7    Int:  8    God:
Gold:   31         SH:  9    Dex: 10    Spells: 2/2 levels left

rFire    . . .     SeeInvis .   a - +0 war axe
rCold    . . .     Faith    .   c - +0 kite shield
rNeg     . . .     Spirit   .   b - +0 scale mail
rPois    .         Reflect  .   (no helmet)
rElec    .         Harm     .   (no cloak)
rCorr    .         Rampage  .   (no gloves)
Will     .....                  (no boots)
Stlth    ..........             (no amulet)
HPRegen  0.10/turn              (no ring)
MPRegen  0.08/turn              (no ring)

@: no status effects
A: no striking features
a: no special abilities


You were on level 4 of the Dungeon.
You visited 2 branches of the dungeon, and saw 5 of its levels.

You collected 31 gold pieces.

Inventory:

Hand Weapons
 a - a +0 war axe (weapon)
Armour
 b - a +0 scale mail (worn)
 c - a +0 kite shield (worn)
Scrolls
 e - 2 scrolls of teleportation {unknown}
 g - a scroll of vulnerability {unknown}
Potions
 d - a potion of might
 f - a potion of resistance {unknown}


   Skills:
 - Level 3.6 Fighting
 + Level 5.0 Axes
 - Level 3.2 Armour
 - Level 3.2 Shields


You had 2 spell levels left.
You didn't know any spells.
Your spell library contained the following spells:

 Spells                   Type           Power      Damage    Failure   Level
 Summon Small Mammal      Summ           0%         N/A       99%         1
 Call Imp                 Summ           0%         N/A       100%        2
 Call Canine Familiar     Summ           0%         N/A       100%        3
 Summon Guardian Golem    Hex/Summ       0%         N/A       100%        3
 Summon Ice Beast         Ice/Summ       0%         N/A       100%        4
 Summon Lightning Spire   Summ/Air       0%         N/A       100%        4
 Summon Forest            Summ/Tloc      0%         N/A       100%        5
 Summon Mana Viper        Hex/Summ       0%         N/A       100%        5
 Shadow Creatures         Summ           N/A        N/A       100%        6
 Summon Hydra             Summ           0%         N/A       100%        7


Dungeon Overview and Level Annotations

Branches:
Dungeon (4/15)             Temple (1/1) D:4

Altars:
Ashenzari
Dithmenos
Gozag
Kikubaaqudgha
Okawaru
Ru
Sif Muna
Vehumet
Wu Jian
Xom
Zin
The Shining One


Message History

The hound skeleton is lightly damaged.
The hound skeleton bites you but does no damage. x2
You barely miss the hound skeleton.
The hound skeleton is lightly damaged.
The hound skeleton bites you but does no damage.
The hound skeleton closely misses you.
You slash the hound skeleton!
The hound skeleton is heavily damaged.
You block the hound skeleton's attack. x2
You hit the hound skeleton.
The hound skeleton is severely damaged.
You block the hound skeleton's attack.
The hound skeleton bites you but does no damage.
You slash the hound skeleton!
You destroy the hound skeleton!
You have reached level 3!
Your experience leads to an increase in your attributes!
Increase (S)trength, (I)ntelligence, or (D)exterity?
You feel stronger.
You pick up a book of Callings and begin reading...
You add the spells Summon Small Mammal, Call Imp, Call Canine Familiar, Summon Guardian Golem, Summon Lightning Spire and Summon Ice Beast to your library.
f - a viscous brown potion
Found a stone staircase leading up.
g - a scroll labelled ZEPILI NIQE A kobold comes into view.
It is wielding a +0 dagger.
The kobold shouts!
The kobold hits you but does no damage.
You hit the kobold.
You kill the kobold!
An ogre comes into view. It is wielding a +0 giant club.
Your Axes skill increases to level 5!
The ogre shouts!
Things that are here:
a +0 dagger; a kobold corpse The ogre hits you with a +0 giant club!
You hit the ogre.
The ogre is lightly wounded.
The ogre hits you with a +0 giant club!!
Ouch! That really hurt!
You die...

...#.##. ..#.... .
...#.. .. ..#.# ... #
....
....##############.##.#.
................##....#.
#.......(.....##..#...
#...O@........##..#...
#......)............##
#.............#..#....
#.............##.#.#.#
#.............##...#.#
#.........<...........
#.............#....###
#.............######
###############


You could see an ogre.

Vanquished Creatures
  2 hound skeletons (D:4)
  A ball python (D:3)
  2 bats (D:1)
  2 jackals (D:3)
  A quokka (D:1)
  A frilled lizard (D:1)
  2 kobolds
  2 rats (D:1)
13 creatures vanquished.

Notes
Turn   | Place    | Note
-------+----------+-------------------------------------------
     0 | D:1      | shoop the Hill Orc Fighter began the quest for the Orb.
     0 | D:1      | Reached XP level 1. HP: 19/19 MP: 1/1
    25 | D:1      | Reached skill level 3 in Axes
   303 | D:1      | Found a faded altar of an unknown god.
   366 | D:3      | Reached XP level 2. HP: 21/26 MP: 2/2
   463 | D:4      | Found a staircase to the Ecumenical Temple.
   469 | Temple   | Entered the Ecumenical Temple
   750 | D:4      | Reached skill level 4 in Axes
   782 | D:4      | Reached XP level 3. HP: 31/31 MP: 3/3
   810 | D:4      | Noticed an ogre
   811 | D:4      | Reached skill level 5 in Axes
   814 | D:4      | Slain by an ogre

Illustrated notes

Levels and vault maps discovered:
D:1:      dpeg_arrival_rooms_c, layout_basic, ebering_ecumenical_altar_abandoned
D:2:      minmay_inner_zag, layout_basic, hangedman_feature_mirror,
          skrybe_limestone_x, minmay_heptomino_l4
D:3:      layout_loops_ring, marbit_many_paths, serial_shops,
          nicolae_shop_waterfront, uniq_crazy_yiuf_cottage
D:4:      layout_basic, minmay_temple_entry_ruins
Temple:   hc_temple_tempest_star

Skill      XL: |  1  2  3 |
---------------+----------+-----
Axes           | 3 4 5 |  5.0
Fighting       | |  3.6
Armour         | |  3.2
Shields        | |  3.2

Action                   || total
-------------------------++-------
Melee: War axe           ||    35
Armor: Scale mail        ||    20
Dodge: Dodged            ||    14
Block: Kite shield       ||    21

Table legend: (Time is in decaauts)
 A = Elapsed time spent in this place.
 B = Non-inter-level travel time spent in this place.
 C = Inter-level travel time spent in this place.
 D = Time resting spent in this place.
 E = Time spent auto-exploring this place.
 F = Levels seen in this place.
 G = Mean time per level.
                   A        B        C        D        E       F      G
               +--------+--------+--------+--------+--------+-----+--------+
         Total |    855 |    824 |     31 |     27 |    665 |   5 |  171.0 |
       Dungeon |    557 |    557 |      0 |     27 |    401 |   4 |  139.2 |
        Temple |    297 |    266 |     31 |      0 |    264 |   1 |  297.0 |
               +--------+--------+--------+--------+--------+-----+--------+

Top non-repeatable levels by time:
     D:1: 326 daAuts
  Temple: 297 daAuts
     D:4: 137 daAuts
     D:3: 52 daAuts
     D:2: 40 daAuts
